 Dungeon Crawl Stone Soup version 0.22.1-2-g9c5b331 (webtiles) character file.

1511 shadizar the Shield-Bearer (level 8, -3/51 HPs)
             Began as a Gargoyle Fighter on Nov 24, 2018.
             Was a Follower of the Shining One.
             Slain by an orc warrior
             ... wielding a +0 dire flail
              (18 damage)
             ... on level 6 of the Dungeon.
             The game lasted 00:07:13 (4694 turns).

shadizar the Shield-Bearer (Gargoyle Fighter)       Turns: 4694, Time: 00:07:14

Health: -3/51      AC: 14    Str: 27    XL:     8   Next: 83%
Magic:  8/8        EV: 10    Int:  9    God:    the Shining One [*.....]
Gold:   229        SH: 11    Dex:  9    Spells: 7/7 levels left

rFire    . . .     SeeInvis .   a - +0 flail
rCold    . . .     Gourm    .   c - +0 shield
rNeg     + . .     Faith    .   b - +0 scale mail
rPois    ∞         Spirit   .   (no helmet)
rElec    +         Reflect  .   (no cloak)
rCorr    .         Harm     .   u - +0 pair of gloves (curse)
MR       .....                  (no boots)
Stlth    ..........             (no amulet)
HPRegen  0.17/turn              (no ring)
MPRegen  0.11/turn              (no ring)

@: mighty, glowing
A: negative energy resistance 1, electricity resistance, unbreathing,
petrification resistance, rot immunity, AC +5
a: Renounce Religion


You were on level 6 of the Dungeon.
You worshipped the Shining One.
The Shining One was aware of your devotion.
You were not hungry.

You visited 1 branch of the dungeon, and saw 6 of its levels.
You also visited: Sewer.

You collected 229 gold pieces.

Inventory:

Hand Weapons
 a - a +0 flail (weapon)
 B - a +1 whip of venom
Missiles
 A - 5 javelins of returning (quivered)
Armour
 b - a +0 scale mail (worn)
 c - a +0 shield (worn)
 u - a cursed +0 pair of gloves (worn)
 v - the cursed +0 robe of the Harp {Dex+4, unknown}
   (You found it in a sewer)

   It affects your dexterity (+4).
   It has a curse placed upon it.
Jewellery
 i - an uncursed amulet of guardian spirit {unknown}
 w - an uncursed ring of flight {unknown}
 C - a cursed ring of attention {unknown}
 E - a +3 ring of slaying {unknown}
 G - an uncursed amulet of harm {unknown}
Wands
 m - a wand of acid (9)
Scrolls
 e - a scroll of random uselessness {unknown}
 k - 5 scrolls of identify {unknown}
 l - 4 scrolls of teleportation {unknown}
 n - a scroll of noise {unknown}
 t - 2 scrolls of immolation {unknown}
 x - a scroll of blinking {unknown}
 y - 6 scrolls of amnesia {unknown}
 D - a scroll of enchant armour {unknown}
 I - a scroll of enchant weapon {unknown}
Potions
 d - a potion of lignification {unknown}
 g - a potion of magic {unknown}
 h - 2 potions of heal wounds {unknown}
 j - 5 potions of curing {unknown}
 o - a potion of haste {unknown}
 p - a potion of degeneration {unknown}
 q - a potion of invisibility {unknown}
 r - a potion of flight {unknown}
 s - a potion of mutation {unknown}
 z - a potion of brilliance {unknown}
 H - a potion of resistance {unknown}
Comestibles
 f - 15 rations


   Skills:
 + Level 6.2 Fighting
 + Level 5.1 Maces & Flails
 + Level 6.1 Armour
 + Level 3.7 Dodging
 + Level 6.2 Shields


You had 7 spell levels left.
You didn't know any spells.
Your spell library contained the following spells:

 Spells                   Type           Power        Failure   Level  Hunger
 Infusion                 Chrm           #...         95%         1    ##.....
 Shroud of Golubria       Chrm/Tloc      #.........   99%         2    ###....
 Song of Slaying          Chrm           #.......     99%         2    ###....
 Regeneration             Chrm/Necr      #.........   100%        3    ####...
 Spectral Weapon          Hex/Chrm       #.......     100%        3    ####...


Dungeon Overview and Level Annotations

Branches:
Dungeon (6/15)             Temple (0/1) D:4

Altars:
Cheibriados
Fedhas
Gozag
Kikubaaqudgha
Okawaru
Trog
Uskayaw
The Shining One


Innate Abilities, Weirdness & Mutations

You are resistant to torment.
Your stone body is resilient. (AC +5)
You are immune to poison.
You resist negative energy. (rN+)
You are resistant to electric shocks. (rElec)
You can survive without breathing.
You are immune to petrification.
You are immune to rotting.


Message History

The orc warrior is moderately wounded.
You block the orc warrior's attack. The orc warrior closely misses you.
Your shield prevents you from hitting the orc warrior.
The orc warrior is moderately wounded.
The orc wizard hits you but does no damage.
The orc wizard gestures wildly while chanting.
The orc wizard seems to speed up.
The orc warrior hits you but does no damage.
You closely miss the orc warrior.
The orc warrior is moderately wounded.
The orc wizard points at you and mumbles some strange words.
The magic dart hits you!
The orc warrior hits you with a dire flail.
* * * LOW HITPOINT WARNING * * *
Unknown command.
You completely miss the orc warrior.
The orc warrior is moderately wounded.
The orc wizard barely misses you.
The orc warrior hits you with a dire flail!!
You die...

.........##.^....##.####....#
#. #######......######.#
#....## ## ###.####.....<..#
###....## ###...#
#####..####........###
###...### #....##....#....##
....### #.##.......####...
...###### #.# ###....# #...
##......## #o# #....# #...
######..# #@# #....# #...
##.# #o# ### #... #.## #{#
#... #..##


#oo ##.. ##..# ### #.. #..# ####.## #....# ######.#### You could see an orc
warrior, 2 orc wizards and an orc.

Vanquished Creatures
  Sigmund (D:3)
  A sky beast (D:6)
  A phantom (D:4)
  A centaur (D:5)
  3 bullfrogs
  A crimson imp (D:5)
  A bullfrog zombie (D:6)
  2 jellies (D:6)
  5 hounds
  An orc wizard (D:5)
  3 iguanas
  7 worker ants
  A hound skeleton (D:5)
  A howler monkey zombie (D:5)
  9 adders
  3 gnolls (D:3)
  A shadow imp (D:5)
  12 oozes (Sewer)
  6 worms
  5 dart slugs
  10 leopard geckos
  9 orcs
  10 giant cockroaches
  12 goblins
  4 hobgoblins
  6 jackals (D:5)
  3 quokkas
  15 ball pythons
  10 bats
  11 frilled lizards
  6 kobolds
  2 leopard gecko skeletons (D:4)
  6 rats
169 creatures vanquished.

Notes
Turn   | Place    | Note
-------+----------+-------------------------------------------
     0 | D:1      | shadizar the Gargoyle Fighter began the quest for the Orb.
     0 | D:1      | Reached XP level 1. HP: 14/14 MP: 1/1
   122 | D:1      | Reached XP level 2. HP: 12/19 MP: 2/2
   539 | D:1      | Reached XP level 3. HP: 18/23 MP: 3/3
  1187 | D:2      | Reached skill level 1 in Dodging
  1352 | D:2      | Reached XP level 4. HP: 27/29 MP: 4/4
  1715 | D:3      | Found a faded altar of an unknown god.
  1774 | D:3      | Found a glowing drain.
  1878 | Sewer    | Entered a sewer
  1943 | Sewer    | Reached XP level 5. HP: 32/33 MP: 5/5
  2275 | Sewer    | Reached XP level 6. HP: 27/39 MP: 6/6
  2332 | Sewer    | Got a fabulously ornate robe
  2404 | D:3      | Found an iron altar of Okawaru.
  2405 | D:3      | Found a hide-covered altar of Uskayaw.
  2405 | D:3      | Found a snail-covered altar of Cheibriados.
  2405 | D:3      | Found a bloodstained altar of Trog.
  2418 | D:3      | Noticed Sigmund
  2433 | D:3      | Killed Sigmund
  2433 | D:3      | Reached XP level 7. HP: 18/44 MP: 7/7
  2434 | D:3      | Found an opulent altar of Gozag.
  2434 | D:3      | Found a glowing golden altar of the Shining One.
  2481 | D:3      | Became a worshipper of the Shining One
  2556 | D:3      | Reached skill level 5 in Shields
  2586 | D:3      | Found an iron altar of Okawaru.
  2737 | D:3      | Found a blossoming altar of Fedhas.
  2888 | D:4      | Reached skill level 5 in Fighting
  2936 | D:4      | Reached skill level 5 in Armour
  3442 | D:4      | Reached XP level 8. HP: 37/49 MP: 8/8
  3458 | D:4      | Found a staircase to the Ecumenical Temple.
  3698 | D:5      | Entered Level 5 of the Dungeon
  4137 | D:5      | Found an ancient bone altar of Kikubaaqudgha.
  4174 | D:5      | Reached * piety under the Shining One
  4408 | D:6      | Found a bloodstained altar of Trog.
  4612 | D:6      | Reached skill level 5 in Maces & Flails
  4694 | D:6      | Slain by an orc warrior

Skill      XL: |  1  2  3  4  5  6  7  8 |
---------------+-------------------------+-----
Dodging        | 1 2 3 |  3.7
Shields        | 4 5 6 |  6.2
Fighting       | 4 5 6 |  6.2
Armour         | 4 5 6 |  6.1
Maces & Flails | 3 4 5 |  5.1

Action                   |  1- 3 |  4- 6 |  7- 9 || total
-------------------------+-------+-------+-------++-------
Melee: Flail             |   157 |   338 |   401 ||   896
  Use: Potion            |       |     1 |     1 ||     2
  Eat: Chunk             |     1 |     6 |     8 ||    15
Armor: Scale mail        |   112 |   278 |   228 ||   618
Dodge: Dodged            |    59 |   185 |   145 ||   389
Block: Shield            |    84 |   280 |   268 ||   632
